 Dungeon Crawl Stone Soup version 0.25-a0-185-g6cfeca75b2 (console) character file.

Game seed: 18425808466552272419, levelgen mode: deterministic

24 Kagalorn the Sneak (level 2, -4/13 HPs)
             Began as a Spriggan Enchanter on Nov 28, 2019.
             Killed by nerve-wracking pain
             ... invoked by Jessica
              (10 damage)
             ... on level 2 of the Dungeon.
             The game lasted 00:02:18 (1010 turns).

Kagalorn the Sneak (Spriggan Enchanter)             Turns: 1010, Time: 00:02:19

Health: -4/13      AC:  2    Str:  4    XL:     2   Next: 79%
Magic:  5/8        EV: 18    Int: 16    God:
Gold:   56         SH:  0    Dex: 16    Spells: 6/9 levels left

rFire    . . .     SeeInvis +   a - +1 dagger
rCold    . . .     Gourm    .   (shield restricted)
rNeg     . . .     Faith    .   b - +0 robe
rPois    .         Spirit   .   (helmet restricted)
rElec    .         Reflect  .   (no cloak)
rCorr    .         Harm     .   (gloves unavailable)
MR       .....                  (boots unavailable)
Stlth    +++.......             (no amulet)
HPRegen  0.04/turn              (no ring)
MPRegen  0.11/turn              (no ring)

@: very quick
A: very small, unfitting armour, see invisible, herbivore, speed 3, slow
metabolism 2
a: no special abilities


You were on level 2 of the Dungeon.
You were not hungry.

You visited 1 branch of the dungeon, and saw 2 of its levels.

You collected 56 gold pieces.

Inventory:

Hand Weapons
 a - a +1 dagger (weapon)
Missiles
 f - 11 arrows
 g - 51 stones (quivered)
 h - 48 bolts
 l - 22 sling bullets
Armour
 b - a +0 robe (worn)
Scrolls
 c - 3 scrolls of teleportation {unknown}
 e - 2 scrolls of remove curse {unknown}
 i - 2 scrolls of identify {unknown}
Potions
 j - a potion of flight {unknown}
 k - a potion of lignification {unknown}
Comestibles
 d - a ration


   Skills:
 - Level 1.1 Short Blades
 - Level 3.0 Dodging
 - Level 4.4 Stealth
 * Level 4.2 Spellcasting
 - Level 3.6 Hexes
 + Level 0.1 Ice Magic


You had 6 spell levels left.
You knew the following spells:

 Your Spells              Type           Power        Failure   Level  Hunger
a - Ensorcelled Hibernat  Hex/Ice        #.....       12%         2    ##.....
b - Corona                Hex            ###....      3%          1    None

Your spell library contained the following spells:

 Spells                   Type           Power        Failure   Level  Hunger
 Confuse                  Hex            ###.....     11%         3    ###....
 Tukima's Dance           Hex            ###.....     11%         3    ###....
 Dazzling Spray           Conj/Hex       #.....       24%         3    ###....


Dungeon Overview and Level Annotations

Branches:
Dungeon (2/15)

Altars:

Annotations:
D:2 Jessica


Innate Abilities, Weirdness & Mutations

You are very small and have problems with some larger weapons.
You are too small for most types of armour.
You have supernaturally acute eyesight. (SInv)
You are a herbivore.
You cover ground extremely quickly.
You need to consume almost no food.


Message History

The leopard gecko looks drowsy...
The helpless leopard gecko fails to defend itself.
You impale the leopard gecko!!
You kill the leopard gecko!
Found a scroll labeled SEANWA RAFIF.
Jessica the Apprentice Sorceress comes into view.
Found 32 sling bullets.
Jessica shouts!
You hear a shout!
A goblin comes into view.
Found a scroll labeled ZATAET VOWN.
You see here a fizzy inky potion.
Jessica gestures wildly while chanting.
Jessica seems to speed up.
Jessica mumbles some strange words.
Jessica blinks!
There is a stone staircase leading up here.
Jessica points at you and mumbles some strange words.
Pain shoots through your body!
Ouch! That really hurt!
You die...

..... ....# .......
...###
.......###.....
#.....g......#
#...........@#
#...........@#
#.....ยง...##.#####
#.....$..........#
#(.....!..#...@<.#
..........##.....#
.(........###..###
..........# ##.#
?.........# #.#
#....###.## #.#
###.. #.# #.# #..
..# #..


You could see Jessica.

Vanquished Creatures
  3 leopard geckos
  3 bats (D:1)
  2 goblins (D:1)
  3 hobgoblins (D:1)
  2 kobolds (D:1)
  3 frilled lizards (D:1)
  3 rats (D:1)
19 creatures vanquished.

Notes
Turn   | Place    | Note
-------+----------+-------------------------------------------
     0 | D:1      | Kagalorn the Spriggan Enchanter began the quest for the
                  | Orb.
     0 | D:1      | Reached XP level 1. HP: 9/9 MP: 5/5
   194 | D:1      | Reached XP level 2. HP: 5/13 MP: 5/7
   198 | D:1      | Learned a level 2 spell: Ensorcelled Hibernation
   999 | D:2      | Noticed Jessica
  1010 | D:2      | Killed from afar by Jessica

Levels and vault maps discovered:
D:1:      lightli_iron_boxes, layout_loops_corners, hangedman_decor_growths,
          kennysheep_boxes
D:2:      layout_rooms, uniq_jessica

Skill      XL: |  1  2 |
---------------+-------+-----
Spellcasting   | 3 4 |  4.2
Short Blades   | |  1.1
Dodging        | |  3.0
Stealth        | |  4.4
Hexes          | |  3.6
Ice Magic      | |  0.1

Action                   || total
-------------------------++-------
Melee: Dagger            ||    79
 Cast: Ensorcelled Hiber ||     6
 Stab: Sleeping          ||     7
Armor: Robe              ||     5
Dodge: Dodged            ||    43

Table legend:
 A = Non-vault XP
 B = Vault XP
 C = Vault XP percentage of total XP
 D = Non-vault monster count
 E = Vault monster count
 F = Vault count percentage of total count
                 A         B        C        D         E       F
            +---------+---------+-------+---------+---------+-------
      Total |      35 |       0 |   0.0 |      19 |       0 |   0.0
            +---------+---------+-------+---------+---------+-------
        D:1 |      32 |       0 |   0.0 |      18 |       0 |   0.0
        D:2 |       3 |       0 |   0.0 |       1 |       0 |   0.0
            +---------+---------+-------+---------+---------+-------
